AoeStats
← Reis

Socotra

506829623Analyzed
4v4 RM · 18d ago on Sep 15, 2026· 14m 13s· 8 players
Game mode
Random Map
Map size
148×148
Population
200
Speed
Normal
Resources
Standard
Victory
Conquest
Starting age
Dark Age
Ending age
Imperial Age
RankedLock teamsTeams togetherTeam positionsShared explorationLock speedFull tech treeHidden civsTurbo modeCheats
Victory
Defeat
🇭🇰 Khmer · Hong Kong SAR China
1379
+14
🇧🇷 Teutons · Brazil
1366
+14
🇭🇰 Romans · Hong Kong SAR China
1335
+15
🇨🇳 Magyars · China
1289
+18
🇨🇿 Inca · Czechia
1363
-17
🇭🇰 Gurjaras · Hong Kong SAR China
1338
-16
🇨🇭 Bulgarians · Switzerland
1325
-15
🇳🇱 Magyars · Netherlands
1263
-13
Reis
11:31 Feudal Age
Japie05
8:15 Loom
10:19 Feudal Age
11:20 Double-Bit Axe
11:25 Horse Collar
polom.s1989
0:27 Loom
7:07 Loom
9:42 Feudal Age
10:20 Champi Runner
Panchi
4:37 Loom
15:57 Feudal Age
deslin_
0:27 Loom
10:12 Feudal Age
AI (HD Version)
6:41 Loom
9:47 Feudal Age
10:28 Double-Bit Axe
13:04 Horse Collar
poor guy
9:50 Feudal Age
15:49 Castle Age
32451522431
3:44 Loom
12:12 Feudal Age
Connection lost

Rejoining the realm…

Still unreachable

The connection could not be restored.

Session expired

The server has moved on; the page needs a fresh start.